[Event "*** SCC Grand Prix: Titled Tuesday Blitz"]
[Site "Chess.com"]
[Date "2020.09.08"]
[Round "6"]
[White "CrazyMartian"]
[Black "ljuks68"]
[Result "1-0"]
[WhiteElo "2317"]
[BlackElo "2409"]
[TimeControl "180+1"]
[EndTime "11:08:13 PDT"]
[Termination "CrazyMartian won on time"]

1. d4 d5 2. Bf4 Nf6 3. e3 c5 4. c3 Nc6 5. Nd2 Qb6 6. Qb3 c4 7. Qc2 Bg4 8. e4 e6 9. h4 Bh5 10. b3 cxb3 11. axb3 Bg6 12. f3 Rc8 13. Qb1 dxe4 14.
fxe4 e5 15. dxe5 Ng4 16. Ngf3 Qf2+ 17. Kd1 h6 18. Bb5 Qc5 19. Bxc6+ Qxc6 20. Ke2 Bc5 21. Nd4 Qd7 22. N2f3 O-O 23. Rd1 Qe7 24. Kf1 Bb6 25.
c4 Rfd8 26. g3 f6 27. e6 Ne5 28. Kg2 Bh5 29. Bxe5 fxe5 30. Nf5 Qxe6 31. Qc2 g6 32. Rxd8+ Rxd8 33. c5 Bc7 34. Nd6 Bxd6 35. cxd6 Rxd6 36. Rd1 Rd7 37. Rxd7 Qxd7 38. Qc1 Kh7 39. Nxe5 Qe6 40.
Qc3 g5 41. hxg5 hxg5 42. Qd4 Be2 43. Kf2 Bb5 44. Nf3 Bc6 45. Nxg5+ Kg6 46. Nxe6 1-0

[Event "*** SCC Grand Prix: Titled Tuesday Blitz"]
[Site "Chess.com"]
[Date "2020.09.08"]
[Round "6"]
[White "adiosabu"]
[Black "Alexander_Moskalenko"]
[Result "0-1"]
[WhiteElo "2522"]
[BlackElo "2800"]
[TimeControl "180+1"]
[EndTime "11:08:15 PDT"]
[Termination "Alexander_Moskalenko won on time"]

1. d4 d5 2. Nf3 c6 3. c4 Nf6 4. e3 Bf5 5. Nc3 e6 6. Qb3 Qc7 7. h3 Nbd7 8. Be2 Be7 9. O-O O-O 10. Bd2 Ne4 11. Nxe4 Bxe4 12. Rfc1 Rfe8 13. a4 a5 14. Bd3 Bxd3 15. Qxd3 Qb6 16. c5 Qa6 17. Qc2 Rac8 18. e4 b6 19. exd5 exd5 20. Be3 bxc5 21. dxc5 Nf8 22. Bd4 Ne6 23. Qf5 g6 24. Qe5 Nxd4 25. Qxd4 Bf8 26. Re1 Bg7 27. Qd2 Qc4 28. Qxa5 Bxb2 29. Rxe8+ Rxe8 30. Re1 Rxe1+ 31. Nxe1 Bc3 32. Qd8+ Kg7 33. Nf3 Qxc5 34. Qd7 Bf6 35. g4 h6 36. h4 d4 37. Kg2 g5 38. hxg5 hxg5 39. a5 Qxa5 40.
Nxd4 Bxd4 41. Qxd4+ Kg8 42. f3 Qd5 43. Qf6 Kf8 44.
Qh8+ Ke7 45. Qc8 Kd6 46. Qb7 Kc5 47. Qa7+ Kb5 48. Qb7+ Kc4 49. Qa6+ Kc3 50. Qa3+ Kd2 51. Qb2+ Ke1 52. Qc1+ Ke2 53. Qf1+ Kd2 54. Qf2+ Kd1 55. Qa7 c5 56. Qa1+ Ke2 57. Qb2+ Qd2 58. Qb5+ Qd3 59. Qe8+ Kd1 60. Qxf7 c4 0-1

[Event "*** SCC Grand Prix: Titled Tuesday Blitz"]
[Site "Chess.com"]
[Date "2020.09.08"]
[Round "6"]
[White "frederiksvane"]
[Black "omer1997"]
[Result "0-1"]
[WhiteElo "2673"]
[BlackElo "2419"]
[TimeControl "180+1"]
[EndTime "11:08:15 PDT"]
[Termination "omer1997 won by resignation"]

1. e4 e5 2. Nf3 Nf6 3. Nxe5 d6 4. Nf3 Nxe4 5. c4 c6 6. Nc3 Nxc3 7. dxc3 Be7 8. Bd3 O-O 9. O-O Nd7 10. Bf4 Nf6 11.
Qc2 Bg4 12. Nd4 Re8 13. h3 Bh5 14. Nf5 Bg6 15. Rad1 Bf8 16. Nxd6 Bxd6 17. Bxg6 hxg6 18. Rxd6 Qa5 19. b3 Ne4 20. Rd3 Qf5 21. Be3 Re6 22. Rfd1 Rae8 23. Rd8 Rxd8 24. Rxd8+ Kh7 25. Rd7 Qe5 26.
Rxf7 Nd6 27. Rd7 Nf5 28. Rd3 Qe4 29. Qd2 Qh4 30. Bxa7 Qe7 31. Be3 Qf6 32. Rd7 Qh4 33.
Rxb7 Qe4 34. Rd7 Nh4 35. f3 Qxe3+ 36. Qxe3 Rxe3 37. Rd6 Re2 38. Rd4 g5 39. Rg4 Kh6 40. f4 Nf5 41. Rxg5 Ne3 42. a4 Rb2 43. b4 Nxc4 44.
a5 Nd2 45. Rc5 Rb1+ 46. Kf2 Ne4+ 47. Ke3 Nxc5 48. bxc5 Ra1 49. Kd4 Rxa5 50. g4 Kg6 51. h4 Kf6 52. h5 Ra4+ 53. c4 Ra1 54. g5+ Kf5 55. h6 gxh6 56. gxh6 Rd1+ 57. Kc3 Rh1 58. Kb4 Rxh6 59. Ka5 Kxf4 60. Kb6 Ke4 61. Kc7 Kd4 62. Kb6 Kxc4 63. Kc7 Kxc5 0-1

[Event "*** SCC Grand Prix: Titled Tuesday Blitz"]
[Site "Chess.com"]
[Date "2020.09.08"]
[Round "6"]
[White "Iball95"]
[Black "juancruzarias"]
[Result "1-0"]
[WhiteElo "2722"]
[BlackElo "2454"]
[TimeControl "180+1"]
[EndTime "11:08:16 PDT"]
[Termination "Iball95 won by resignation"]

1. d4 Nf6 2. Nf3 c5 3. c4 e6 4. g3 b6 5. d5 exd5 6. cxd5 d6 7.
Nc3 g6 8. Bg2 Bg7 9. O-O O-O 10.
Nd2 a6 11. a4 Qc7 12. Nc4 Nbd7 13. Bf4 Ne8 14. Qb3 Rb8 15. Rfe1 h6 16. e4 g5 17. Be3 b5 18. axb5 axb5 19. Na5 c4 20.
Qc2 Ne5 21. Nc6 Rb7 22. Nxe5 dxe5 23. Ra6 Bd7 24. Rea1 Nd6 25. h3 b4 26. Nd1 f5 27.
exf5 Bxf5 28. Qd2 Qd7 29. Kh2 Bd3 30. b3 e4 31. Bc5 Be5 32. Qa2 c3 33. Rc6 Bb5 34.
Rb6 Rxb6 35. Bxb6 h5 36. Ne3 h4 37. Bc5 Rxf2 38. Qa8+ Rf8 39. Qa5 Bxg3+ 40. Kh1 Be5 41.
Qxb4 c2 42. Rc1 g4 43. Nxg4 Bf4 44. Rxc2 Bd3 45. Rf2 Rf7 46. Rxf4 Rxf4 47. Bxd6 Rf3 48. Bxf3 exf3 49. Nf6+ 1-0

[Event "*** SCC Grand Prix: Titled Tuesday Blitz"]
[Site "Chess.com"]
[Date "2020.09.08"]
[Round "6"]
[White "Jospem"]
[Black "Bayernbk"]
[Result "1-0"]
[WhiteElo "2913"]
[BlackElo "2523"]
[TimeControl "180+1"]
[EndTime "11:08:16 PDT"]
[Termination "Jospem won by resignation"]

1. e4 e6 2. d4 d5 3. Nc3 Nf6 4. e5 Nfd7 5. f4 c5 6. Nf3 Nc6 7. Be3 a6 8. Qd2 b5 9. Bd3 Qb6 10. Qf2 cxd4 11. Nxd4 Bc5 12. Nce2 O-O 13. O-O b4 14.
Kh1 a5 15. Rad1 Ba6 16. c3 Bxd3 17. Rxd3 bxc3 18. bxc3 Rfb8 19. Ng3 Qa6 20. Rd2 Nxd4 21. cxd4 Bb4 22. Rdd1 f5 23. exf6 Nxf6 24. f5 Bd6 25. Bf4 Re8 26. Qf3 Bxf4 27. Qxf4 Rac8 28. fxe6 Qxe6 29.
h3 Ne4 30. Nxe4 Qxe4 31. Qf7+ Kh8 32. Rf5 h6 33. Qxd5 Qxd5 34. Rxd5 Rc2 35. Rxa5 Ree2 36. Rg1 Rxa2 37. Rxa2 Rxa2 38. Rd1 Kg8 39. Kh2 Kf7 40. Kg3 Ke6 41. Re1+ Kd6 42. Rf1 Ke6 43. h4 Rd2 44.
Rf4 g5 45. hxg5 hxg5 46. Re4+ Kf5 47. Re5+ Kf6 48. Rd5 Rd3+ 49. Kg4 Rd2 50. g3 Ke6 51. Re5+ Kf6 52. Rf5+ Ke6 53. d5+ Kd6 54. Kxg5 1-0

[Event "*** SCC Grand Prix: Titled Tuesday Blitz"]
[Site "Chess.com"]
[Date "2020.09.08"]
[Round "6"]
[White "winniethepooh04"]
[Black "Andrii_Prydun"]
[Result "1/2-1/2"]
[WhiteElo "2227"]
[BlackElo "2403"]
[TimeControl "180+1"]
[EndTime "11:08:16 PDT"]
[Termination "Game drawn by repetition"]

1. e4 d5 2. exd5 Qxd5 3. Nc3 Qd6 4. Nf3 Nf6 5. d4 c6 6. Bc4 Bf5 7. O-O e6 8. h3 Be7 9. Re1 O-O 10. a4 Nbd7 11. Ne5 Nxe5 12. dxe5 Qxd1 13. Rxd1 Nd5 14. Nxd5 cxd5 15. Bb3 Rfc8 16. c3 b6 17. Be3 Rab8 18. Rd2 a6 19. Bd1 b5 20. axb5 axb5 21. Ra7 Bf8 22.
Bd4 Bg6 23. h4 h6 24. h5 Bf5 25. f3 b4 26. g4 Bh7 27. f4 Be4 28. Rf2 bxc3 29.
bxc3 Rb1 30. Rf1 Rxc3 31. Ra8 Rg3+ 32. Kf2 Rg2+ 33. Ke3 Rc1 34. Bb2 Rxb2 35. f5 exf5 36.
gxf5 Rbb1 37. e6 Rb7 38. f6 gxf6 39. Rg1+ Kh7 40. Rxf8 fxe6 41. Rgg8 Rc3+ 42. Kd2 Rd3+ 43. Ke1 Re3+ 44. Kf2 Rd3 45. Rh8+ Kg7 46. Rhg8+ Kh7 47.
Rh8+ Kg7 48. Rhg8+ Kh7 1/2-1/2

[Event "*** SCC Grand Prix: Titled Tuesday Blitz"]
[Site "Chess.com"]
[Date "2020.09.08"]
[Round "6"]
[White "garicradomir"]
[Black "xamax2000"]
[Result "0-1"]
[WhiteElo "2368"]
[BlackElo "2681"]
[TimeControl "180+1"]
[EndTime "11:08:18 PDT"]
[Termination "xamax2000 won on time"]

1. e4 e5 2. Nf3 Nc6 3. Nc3 Nf6 4. Bb5 Nd4 5. O-O Nxb5 6. Nxb5 c6 7. Nc3 d6 8. d4 Qc7 9. Re1 Be7 10. b3 O-O 11. a4 Re8 12. h3 b6 13. Bb2 Bb7 14.
Qd2 a6 15. Rad1 b5 16. dxe5 dxe5 17. Nh4 Rad8 18. Qe3 g6 19. axb5 cxb5 20. Rxd8 Rxd8 21. Re2 Nh5 22. Nd5 Bxd5 23. exd5 Bxh4 24. Bxe5 Qd7 25. g4 Ng7 26. c4 Re8 27. Qh6 f6 28. Qxh4 fxe5 29.
Qf6 Qf7 30. Qxa6 Qf3 31. Re3 Qd1+ 32. Kg2 bxc4 33. bxc4 Rf8 34. Qa2 Kh8 35. c5 Qd4 36. c6 Ne8 37. Qa3 Qf4 38. Rf3 Qxf3+ 39. Qxf3 Rxf3 40.
Kxf3 Nd6 41. Ke3 Kg7 42. f4 Kf6 43. h4 h6 44. g5+ hxg5 45. hxg5+ Kf5 46. c7 exf4+ 47.
Kd4 f3 48. Kc5 Ke5 49. c8=Q Nxc8 0-1

[Event "*** SCC Grand Prix: Titled Tuesday Blitz"]
[Site "Chess.com"]
[Date "2020.09.08"]
[Round "6"]
[White "Pikachess999"]
[Black "kngopal"]
[Result "1-0"]
[WhiteElo "2385"]
[BlackElo "2223"]
[TimeControl "180+1"]
[EndTime "11:08:18 PDT"]
[Termination "Pikachess999 won on time"]

1. e4 e6 2. d4 d5 3. Nc3 Nf6 4.
e5 Nfd7 5. f4 c5 6. Nf3 Nc6 7. Be3 a6 8. Qd2 b5 9. dxc5 Bxc5 10. Bxc5 Nxc5 11. Qf2 Qb6 12. Bd3 Nxd3+ 13. cxd3 Qxf2+ 14. Kxf2 Bd7 15. Ke3 h6 16. Nd4 Ne7 17. b4 O-O 18. a4 Rfc8 19. Ra3 bxa4 20. Nxa4 Rab8 21. Nc5 Bb5 22. Rha1 Rc7 23. Nxb5 Rxb5 24. Nxa6 Rc2 25. R3a2 Nf5+ 26. Kf3 Nd4+ 27. Kg4 Rc3 28. Ra3 Rc2 29. R1a2 Rc1 30. Rb2 g6 31. Ra5 Rb6 32. Nc5 Nc2 33. b5 Ne3+ 34. Kf3 Nd1 35. Nd7 Rb7 36.
Ra8+ Kg7 37. Nf6 h5 38. Rba2 g5 39. Nxh5+ Kg6 40. g4 gxf4 41. Nxf4+ Kg5 42. Rg8+ Kh6 43. Raa8 f5 44. exf6 1-0

[Event "*** SCC Grand Prix: Titled Tuesday Blitz"]
[Site "Chess.com"]
[Date "2020.09.08"]
[Round "6"]
[White "Sultanasharminshirin"]
[Black "politeplayer"]
[Result "0-1"]
[WhiteElo "2004"]
[BlackElo "2247"]
[TimeControl "180+1"]
[EndTime "11:08:18 PDT"]
[Termination "politeplayer won on time"]

1. d4 d5 2. Nf3 Nf6 3. c4 e6 4. Nc3 Bb4 5. Bg5 dxc4 6. Qa4+ Nc6 7. e3 Bd7 8. Qc2 b5 9. a3 Bxc3+ 10. Qxc3 h6 11. Bh4 g5 12. Bg3 Ne4 13. Qc2 f5 14.
Nd2 Nxd2 15. Qxd2 a5 16. a4 bxa4 17. Bxc4 Nb4 18. O-O O-O 19. Rac1 Rb8 20. Bxc7 Qe7 21. Bxb8 Rxb8 22. Rfd1 Bc6 23. Qe2 Kg7 24. f3 Nd5 25.
e4 Nf4 26. Qd2 fxe4 27. fxe4 Qb4 28. Qxb4 Rxb4 29. d5 exd5 30. exd5 Bd7 31. Rc2 Bg4 32. Re1 Kg6 33. h3 Bf5 34. Rc3 Rxb2 35. Rg3 a3 36. d6 a2 37. Bxa2 Rxa2 38. Rd1 Ne2+ 39. Kh2 Nxg3 40. Kxg3 Bd7 41. Re1 Rd2 42. Re7 Rxd6 43.
Kf2 a4 44. Re3 Be6 0-1

[Event "*** SCC Grand Prix: Titled Tuesday Blitz"]
[Site "Chess.com"]
[Date "2020.09.08"]
[Round "6"]
[White "Butterfly"]
[Black "nrvisakh"]
[Result "0-1"]
[WhiteElo "2495"]
[BlackElo "2740"]
[TimeControl "180+1"]
[EndTime "11:08:19 PDT"]
[Termination "nrvisakh won by resignation"]

1. d4 Nf6 2. Nf3 g6 3. g3 Bg7 4. Bg2 d5 5. O-O O-O 6. c4 dxc4 7. Na3 c3 8. bxc3 c5 9. Bb2 Nc6 10. e3 Qa5 11. Nc4 Qa6 12. Nce5 Rd8 13. Nxc6 Qxc6 14. Qe2 Qc7 15. Ne5 Nd7 16. f4 Nxe5 17. fxe5 Be6 18. Qf2 Bc4 19. Rfd1 e6 20. Ba3 Bf8 21. dxc5 Bxc5 22.
Bxc5 Qxc5 23. Bxb7 Rab8 24. Rd4 Qxe5 25. Rxc4 Rxb7 26. Rd4 Rc8 27. Rad1 Rcc7 28. c4 Kg7 29. Qf4 Qxf4 30. exf4 Rb2 31. Rd7 Rxc4 32. Rxa7 Rcc2 33.
a4 Rg2+ 34. Kf1 Rxh2 35. Kg1 Rbg2+ 36. Kf1 Ra2 37. Kg1 Rhb2 38. a5 Rb5 39. a6 Rb6 40. Rc7 Raxa6 41. Rdd7 Rb1+ 42. Kf2 Ra2+ 43. Ke3 Rb3+ 44.
Ke4 Re2+ 45. Kd4 Rd2+ 46. Kc4 Rxd7 47. Rxd7 Rxg3 0-1

[Event "*** SCC Grand Prix: Titled Tuesday Blitz"]
[Site "Chess.com"]
[Date "2020.09.08"]
[Round "6"]
[White "kingnb"]
[Black "ChronicUnhappiness"]
[Result "1-0"]
[WhiteElo "2613"]
[BlackElo "2450"]
[TimeControl "180+1"]
[EndTime "11:08:19 PDT"]
[Termination "kingnb won by resignation"]

1. d4 d5 2. Nf3 Nf6 3. e3 e6 4. Bd3 c5 5. c3 Nc6 6. Nbd2 Bd6 7. O-O O-O 8. Qe2 Qc7 9. e4 cxd4 10. cxd4 Bf4 11. e5 Nd7 12. a3 Qb6 13. Rd1 Nxd4 14. Nxd4 Nxe5 15. N2f3 Nxd3 16. Rxd3 Bxc1 17. Rxc1 Bd7 18.
Ne5 Bb5 19. Nxb5 Qxb5 20. Qd2 Rac8 21. Rdc3 Rxc3 22. Rxc3 f6 23. Nf3 Qd7 24. Qc2 d4 25.
Rc7 Qd5 26. Qc4 Qxc4 27. Rxc4 Rd8 28. Rxd4 Rc8 29. Kf1 Rc2 30. Rd2 Rc1+ 31. Ke2 e5 32. Ne1 b5 33. Rc2 Rb1 34. Kd2 h5 35. f3 a5 36. Nd3 Rg1 37. Kc3 h4 38. b4 a4 39. Nc5 Ra1 40. Kb2 Rh1 41. Ne4 Rxh2 42. Nd6 h3 43. gxh3 Rh1 44. Nxb5 Rxh3 45. Nc3 Rxf3 46.
Nxa4 e4 47. b5 Rf5 48. Nc3 e3 49. a4 Re5 50. a5 f5 51. a6 f4 52. a7 Re8 53. b6 f3 54. b7 e2 55. Nxe2 f2 56.
Ng3 1-0

[Event "*** SCC Grand Prix: Titled Tuesday Blitz"]
[Site "Chess.com"]
[Date "2020.09.08"]
[Round "6"]
[White "Barcelona_Guy"]
[Black "MashaFromRussia"]
[Result "1-0"]
[WhiteElo "2633"]
[BlackElo "2358"]
[TimeControl "180+1"]
[EndTime "11:08:20 PDT"]
[Termination "Barcelona_Guy won by resignation"]

1. e4 c5 2. Nf3 Nc6 3. d4 cxd4 4. Nxd4 Nf6 5. Nc3 e5 6. Ndb5 d6 7. Bg5 a6 8. Na3 b5 9. Nd5 Be7 10. Bxf6 Bxf6 11. c3 O-O 12. Nc2 Bg5 13. h4 Bh6 14. a4 bxa4 15. Rxa4 a5 16. Bc4 Rb8 17. b4 axb4 18.
cxb4 Kh8 19. b5 Ne7 20. Ncb4 Nxd5 21. Nc6 Qb6 22. exd5 Rb7 23. O-O f5 24. Qe2 Qc5 25.
Ra8 Rbf7 26. Rfa1 e4 27. R1a7 Rxa7 28. Nxa7 e3 29. Nxc8 Rxc8 30. Rxc8+ Qxc8 31. fxe3 Qc5 32. Kf2 f4 33. Kf3 fxe3 34. Qd3 g6 35. Qe4 Bf8 36. h5 gxh5 37. Bd3 Kg7 38. Qxh7+ Kf6 39. Qg6+ Ke7 40. Qg5+ Kd7 41. Qxh5 Be7 42. Qf5+ Kc7 43. Qf7 Kd8 44.
Qg8+ Kc7 45. g4 Qc1 46. Qf7 Kd8 47. Qf5 Qe1 48. b6 Qf2+ 49. Ke4 Qg2+ 50. Kxe3 Qg1+ 51. Qf2 Bg5+ 52. Kf3 Qh1+ 53. Ke2 Qxd5 54. Qf8+ Kd7 55. Bf5+ Kc6 56. Qa8+ Kc5 57. Qxd5+ Kxd5 58. b7 1-0

[Event "*** SCC Grand Prix: Titled Tuesday Blitz"]
[Site "Chess.com"]
[Date "2020.09.08"]
[Round "6"]
[White "Ramu_K_FM_FT"]
[Black "ErikRonka"]
[Result "0-1"]
[WhiteElo "1970"]
[BlackElo "2246"]
[TimeControl "180+1"]
[EndTime "11:08:20 PDT"]
[Termination "ErikRonka won by resignation"]

1. e4 e5 2. Nf3 Nc6 3. Bb5 a6 4. Ba4 d6 5. O-O Bg4 6. c3 Qf6 7. Re1 Ne7 8. d3 h6 9. Nbd2 g5 10. Qe2 Ng6 11. Bd1 Nf4 12. Qf1 h5 13. Nc4 Be6 14.
Bxf4 Qxf4 15. Qe2 g4 16. Nfd2 Bh6 17. Nf1 O-O-O 18. Nce3 Rdg8 19. Bb3 h4 20. Rad1 Qg5 21. d4 g3 22. fxg3 hxg3 23. Nxg3 Ne7 24. Nef1 Qh4 25.
Rd3 Bf4 26. Bxe6+ fxe6 27. Rf3 Ng6 28. Qc4 Qe7 29. Kf2 Nh4 30. Rd3 Rf8 31. Kg1 Rhg8 32. Re2 Qf6 33. Qb3 Bh6 34. Qd1 Qg6 35. Qe1 Bf4 36.
Rf3 Nxf3+ 37. gxf3 exd4 38. cxd4 Qf6 39. Kg2 Bxg3 40. Nxg3 Qxf3+ 41. Kg1 Qf6 42. e5 Qf4 43.
exd6 Qxd4+ 44. Kg2 Qxd6 45. Qd2 Qxd2 46. Rxd2 Rd8 47.
Re2 Rd6 48. h4 Rd3 0-1

[Event "*** SCC Grand Prix: Titled Tuesday Blitz"]
[Site "Chess.com"]
[Date "2020.09.08"]
[Round "6"]
[White "AlexOstrovskiy"]
[Black "KonstantinB_1983"]
[Result "1-0"]
[WhiteElo "2739"]
[BlackElo "2525"]
[TimeControl "180+1"]
[EndTime "11:08:21 PDT"]
[Termination "AlexOstrovskiy won on time"]

1. d4 d5 2. Bf4 c6 3. e3 Bf5 4. c4 dxc4 5. Bxc4 e6 6. Nc3 Nf6 7.
f3 Bg6 8. e4 Bb4 9. Ne2 Nbd7 10.
O-O Qe7 11. Qb3 b5 12. Bd3 O-O 13. a4 a6 14. Rfc1 Rfc8 15. axb5 cxb5 16. Be3 Nb6 17. Na2 Ba5 18. Rxc8+ Rxc8 19. Nac3 Bxc3 20. Nxc3 Qb7 21. Qa2 Ra8 22. Bf1 Ne8 23. Qa5 Nd6 24. b3 Ndc8 25. Qa3 f6 26. Qc5 Be8 27. g3 Qc6 28. Bh3 f5 29. d5 exd5 30. exd5 Qxc5 31. Bxc5 Nd7 32.
Bb4 Ne5 33. Bxf5 Nxf3+ 34. Kf2 Nd4 35. Be6+ Bf7 36. Rd1 Nxb3 37. d6 Bxe6 38. d7 Bxd7 39. Rxd7 a5 40. Bd6 a4 41. Nxb5 Nc1 42. Rd8+ Kf7 43.
Nc7 Rb8 44. Nd5 Rb2+ 45. Kf3 Nxd6 46. Rxd6 Ke8 47. Ra6 Ra2 48. Nb6 Nb3 49. Rxa4 1-0

[Event "*** SCC Grand Prix: Titled Tuesday Blitz"]
[Site "Chess.com"]
[Date "2020.09.08"]
[Round "6"]
[White "Oleksandr_Bortnyk"]
[Black "WIDBIFS"]
[Result "1-0"]
[WhiteElo "2931"]
[BlackElo "2709"]
[TimeControl "180+1"]
[EndTime "11:08:22 PDT"]
[Termination "Oleksandr_Bortnyk won on time"]

1. e4 g6 2. d4 Bg7 3. Nf3 d6 4.
Bc4 c6 5. Bb3 Nf6 6. Qe2 O-O 7.
h3 Qc7 8. e5 dxe5 9. dxe5 Nd5 10. O-O Be6 11. Re1 Nd7 12. Nc3 Nxc3 13. bxc3 Bxb3 14.
axb3 Nc5 15. Nd4 Rfd8 16. b4 Ne6 17. Nxe6 fxe6 18. Qg4 Qc8 19. c4 Rf8 20. Bg5 Rf7 21. h4 h5 22. Qg3 Qc7 23. Re2 a6 24. c5 Rd8 25. Re4 Kh7 26. Rae1 Rf5 27. Qb3 Rd5 28. c4 Rdxe5 29. g3 Rxe4 30. Rxe4 e5 31. Qd3 Qc8 32. Kg2 Qe6 33. Qd8 Rf8 34. Qxe7 Qxe7 35. Bxe7 Re8 36. Bd6 Kg8 37. f4 Kf7 38. fxe5 Ke6 39. Re2 Rd8 40. Kf3 Rd7 41. Ke4 Rf7 42. b5 axb5 43. cxb5 cxb5 44. Rb2 Rf5 45. Rxb5 Bxe5 46. Rb6 Bxd6 47. Rxd6+ Kf7 48.
Kd4 Kg7 49. Rd7+ Kh6 50. Rxb7 Rf3 51. c6 1-0

[Event "*** SCC Grand Prix: Titled Tuesday Blitz"]
[Site "Chess.com"]
[Date "2020.09.08"]
[Round "6"]
[White "mmaks007"]
[Black "2nd_life"]
[Result "0-1"]
[WhiteElo "2259"]
[BlackElo "2541"]
[TimeControl "180+1"]
[EndTime "11:08:22 PDT"]
[Termination "2nd_life won on time"]

1. e4 e5 2. Nf3 Nc6 3. Bb5 a6 4. Ba4 Nf6 5. O-O Be7 6. Re1 b5 7. Bb3 d6 8. c3 O-O 9. h3 Bb7 10. d4 Re8 11. Nbd2 Bf8 12. Bc2 Nb8 13. d5 c6 14. dxc6 Bxc6 15. Nf1 h6 16. Ng3 Nbd7 17.
b3 d5 18. exd5 Bxd5 19. a4 Qc7 20. axb5 axb5 21. Rxa8 Bxa8 22. Bb2 Bc5 23. Ne4 Nxe4 24. Bxe4 Bxe4 25. Rxe4 Nf6 26. Re1 e4 27. Nd4 Rd8 28.
Qe2 Bxd4 29. cxd4 Rd5 30. Rc1 Qd7 31. Rc5 g5 32. Qc2 Kg7 33. Rc7 Qf5 34. Rc5 h5 35. b4 Kg6 36. Rxd5 Nxd5 37. Qc5 Nf4 38. Qxf5+ Kxf5 39. Kf1 Nd5 40. Ke2 Nxb4 41. Bc1 Nd5 42. g3 g4 43.
hxg4+ Kxg4 44. Bh6 f5 45. Bf8 f4 46. gxf4 Kxf4 47.
Bg7 h4 48. Be5+ Kg4 49. Bd6 h3 50. Bb8 b4 51. Be5 b3 0-1

[Event "*** SCC Grand Prix: Titled Tuesday Blitz"]
[Site "Chess.com"]
[Date "2020.09.08"]
[Round "6"]
[White "pavelalexandru07"]
[Black "plumalka"]
[Result "0-1"]
[WhiteElo "2267"]
[BlackElo "2421"]
[TimeControl "180+1"]
[EndTime "11:08:22 PDT"]
[Termination "plumalka won by checkmate"]

1. e4 c5 2. Nf3 d6 3. d4 cxd4 4. Nxd4 Nf6 5. Nc3 Bd7 6. Bg5 e6 7. f4 Nc6 8. Qd2 h6 9. Bxf6 Qxf6 10. Ndb5 O-O-O 11. O-O-O a6 12. Na3 g5 13. g3 gxf4 14.
gxf4 h5 15. Bd3 Bh6 16. Rhf1 Rhg8 17. Kb1 Rg4 18. Ne2 Rg2 19. Qe3 Kc7 20. Nc4 Be8 21.
Qb6+ Kc8 22. e5 dxe5 23. fxe5 Qe7 24. Nd6+ Rxd6 25. exd6 Qd8 26. Qxd8+ Kxd8 27. Nc3 f5 28. Bc4 Kd7 29. Na4 Be3 30. Rf3 f4 31. Bb3 b5 32.
Nc3 Bg6 33. Rff1 Nd4 34. a4 Nxb3 35. axb5 Bxc2+ 36. Ka2 Nd4 37. bxa6 Bb3+ 38. Ka1 Bxd1 39. a7 Nc2+ 40. Kb1 Bxa7 41. Rxd1 Ne3 42. Rd3 Bc5 43. Ne4 Bb4 44. b3 Rg6 45. Kb2 Nd5 46. Rd4 Bxd6 47. Nxd6 Kxd6 48. Re4 e5 49. b4 f3 50. b5 f2 51. b6 f1=Q 52. b7 Rg2+ 53. Kb3 Qd3+ 54.
Ka4 Ra2# 0-1

[Event "*** SCC Grand Prix: Titled Tuesday Blitz"]
[Site "Chess.com"]
[Date "2020.09.08"]
[Round "6"]
[White "rududuyk"]
[Black "gagtemp"]
[Result "1-0"]
[WhiteElo "2138"]
[BlackElo "1955"]
[TimeControl "180+1"]
[EndTime "11:08:22 PDT"]
[Termination "rududuyk won by checkmate"]

1. e4 e6 2. d4 d5 3. Nd2 c5 4. Ngf3 Nc6 5. exd5 exd5 6. Bb5 Nf6 7. O-O Be7 8. dxc5 O-O 9. Nb3 Bg4 10. h3 Bh5 11. Re1 a5 12. a4 Qc7 13. Be3 Rfd8 14. c3 Ne5 15. Be2 Nc4 16. Bxc4 dxc4 17. Nbd4 Bxc5 18. Qc2 Bg6 19. Qe2 Bd3 20. Qd1 Re8 21. Nb5 Qc6 22.
Bxc5 Qxc5 23. Nfd4 Ne4 24. Qg4 Nf6 25. Qg3 Rxe1+ 26.
Rxe1 h6 27. Qe5 Qxe5 28. Rxe5 Re8 29. Rxe8+ Nxe8 30. f3 Nf6 31. Kf2 Nd5 32. Nd6 b6 33. Nc6 Kf8 34. Ne5 Bg6 35. Nxg6+ fxg6 36. Nxc4 Ke7 37.
g3 Kd7 38. Ne5+ Kd6 39. Nxg6 Kc5 40. Ne5 b5 41. axb5 a4 42. c4 Nb6 43. f4 h5 44. g4 Nc8 45. f5 h4 46. g5 Nd6 47.
f6 gxf6 48. gxf6 Ne8 49. f7 Nf6 50. f8=Q+ Kd4 51. Qxf6 Ke4 52. Qxh4+ Kxe5 53. b6 a3 54. bxa3 Kd6 55. b7 Ke6 56. Qf4 Kd7 57. b8=Q Ke7 58.
Qbd6+ Ke8 59. Qff8# 1-0

[Event "*** SCC Grand Prix: Titled Tuesday Blitz"]
[Site "Chess.com"]
[Date "2020.09.08"]
[Round "6"]
[White "Andreikka"]
[Black "CHESSMASTER759"]
[Result "1-0"]
[WhiteElo "2822"]
[BlackElo "2615"]
[TimeControl "180+1"]
[EndTime "11:08:23 PDT"]
[Termination "Andreikka won on time"]

1. c4 Nf6 2. Nc3 e5 3. Nf3 Nc6 4. e4 g6 5. d4 exd4 6. Nxd4 Bg7 7. Be3 O-O 8. f3 Re8 9. Be2 Nxd4 10. Bxd4 d6 11.
O-O a5 12. Qd2 Be6 13. Rfd1 Nd7 14. Bf2 a4 15. Rac1 b6 16. Bf1 Be5 17. Qc2 Qf6 18. Nxa4 h5 19. b3 Nc5 20. Nxc5 dxc5 21. Qe2 Kh7 22. Rc2 Rg8 23. g3 g5 24. Be3 h4 25.
Qf2 Rg6 26. Be2 hxg3 27. hxg3 Rh8 28. Bf1 Kg7 29. Bg2 Rgh6 30. f4 gxf4 31. gxf4 Qg6 32.
Kf1 Bg4 33. Rd5 Bf6 34. Qg1 Rh4 35. f5 Qh5 36. Bf4 Kf8 37. Bg3 Bd1 38. Rcd2 Rh3 39. Bxh3 Qf3+ 40. Ke1 Qxe4+ 41. Kxd1 Qb1+ 42. Ke2 Qe4+ 43. Kf1 Qf3+ 44. Qf2 Qh1+ 45. Ke2 Qe4+ 46. Qe3 Qxe3+ 47.
Kxe3 Rxh3 48. Kf2 Bd4+ 49. Kg2 1-0

[Event "*** SCC Grand Prix: Titled Tuesday Blitz"]
[Site "Chess.com"]
[Date "2020.09.08"]
[Round "6"]
[White "dragos420"]
[Black "GMKrikor"]
[Result "1/2-1/2"]
[WhiteElo "2505"]
[BlackElo "2687"]
[TimeControl "180+1"]
[EndTime "11:08:23 PDT"]
[Termination "Game drawn - insufficient material"]

1. e4 c5 2. Nf3 d6 3. d4 cxd4 4. Nxd4 Nf6 5. Nc3 a6 6. Be3 e6 7. f3 b5 8. Qd2 Nbd7 9. g4 b4 10. Nce2 h6 11. h4 Ne5 12. Ng3 Qc7 13. Qg2 Bb7 14. O-O-O Nc4 15. Bxc4 Qxc4 16. Kb1 Nd7 17. g5 hxg5 18. hxg5 Rxh1 19. Rxh1 g6 20. Rh8 O-O-O 21. Qd2 Bg7 22. Rxd8+ Kxd8 23. b3 Qc3 24. Qxc3 bxc3 25. Nge2 e5 26. Nb5 axb5 27. Nxc3 Bc6 28. a4 bxa4 29. bxa4 f5 30. a5 fxe4 31. fxe4 Kc7 32. Kb2 Nc5 33. Bxc5 dxc5 34. Kb3 Bf8 35. Kc4 Kb7 36. Nd5 Ka6 37. Nc7+ Kxa5 38. Ne6 Be7 39. Nxc5 Kb6 40. Nd3 Bd6 41. Nf2 Bc5 42. Nd3 Bb5+ 43. Kd5 Bxd3 44. cxd3 Bd4 45. Ke6 Kc5 46. Kf7 Be3 47.
Kxg6 Kd4 48. Kf6 Kxd3 49. Kxe5 Bxg5 50. Kf5 Bh4 51. e5 Bd8 52. e6 Kd4 53. e7 Bxe7 1/2-1/2

[Event "*** SCC Grand Prix: Titled Tuesday Blitz"]
[Site "Chess.com"]
[Date "2020.09.08"]
[Round "6"]
[White "gumimis"]
[Black "Kaslask"]
[Result "1/2-1/2"]
[WhiteElo "2203"]
[BlackElo "2288"]
[TimeControl "180+1"]
[EndTime "11:08:24 PDT"]
[Termination "Game drawn - insufficient material"]

1. e4 e6 2. d4 d5 3. Nc3 Bb4 4. e5 Ne7 5. a3 Bxc3+ 6. bxc3 c5 7. Qg4 cxd4 8. cxd4 Qc7 9. Bd2 Kf8 10. Bd3 b6 11. Ne2 Ba6 12. Bxa6 Nxa6 13. c3 Rc8 14. h4 Nb8 15. h5 h6 16. Rh3 Nbc6 17. Rf3 Nd8 18. Nf4 Nf5 19. Qh3 Qe7 20. g4 Nh4 21. Qxh4 Qxh4 22. Ng6+ Ke8 23. Nxh4 Nc6 24. Ke2 Na5 25. Ng2 Rc4 26. Ne3 Ra4 27. Rh3 Ke7 28. Rhh1 Rc8 29.
Rhb1 f6 30. exf6+ gxf6 31. Rb4 Rxb4 32. axb4 Nc6 33. b5 Na5 34. c4 dxc4 35. Bxa5 bxa5 36. Rxa5 Rc7 37. Kd2 c3+ 38. Kc2 Kd6 39. Ra6+ Kd7 40. Ra3 Rb7 41. Kxc3 Rxb5 42. Rxa7+ Kd6 43. Rh7 Rb1 44.
Rxh6 Ke7 45. Rh7+ Kf8 46. Rd7 Rc1+ 47. Kd3 Rg1 48. h6 Kg8 49. h7+ Kh8 50. f4 e5 51.
dxe5 fxe5 52. fxe5 Rd1+ 53. Ke4 Rxd7 54. e6 Re7 55. Ke5 Kxh7 56. Kd6 Re8 57. Kd7 Ra8 58. e7 Ra7+ 59. Ke6 Ra6+ 60. Kf7 Ra7 61. g5 Rxe7+ 62.
Kxe7 Kg6 63. Nf5 Kxg5 1/2-1/2